 Dungeon Crawl Stone Soup version 0.28-a0-1389-gc726bef33b (webtiles) character file.

Game seed: 14715594787066061880

475 tilp the Chiller (level 6, 28/28 HPs)
             Began as a Felid Ice Elementalist on Jan 3, 2022.
             Quit the game on level 6 of the Dungeon.
             The game lasted 00:07:11 (5893 turns).

tilp the Chiller (Felid Ice Elementalist)           Turns: 5893, Time: 00:07:11

Health: 28/28      AC:  6    Str:  4    XL:     6   Next: 84%
Magic:  11/11      EV: 18    Int: 25    God:
Gold:   251        SH:  0    Dex: 16    Spells: 4/11 levels left
                                        Lives:  1   Deaths: 1

rFire   . . .      SeeInvis +     - Unarmed
rCold   . . .      Faith    .   (shield unavailable)
rNeg    . . .      Spirit   .   (armour unavailable)
rPois   .          Reflect  .   (helmet unavailable)
rElec   .          Harm     .   (cloak unavailable)
rCorr   .          Rampage  .   (gloves unavailable)
Will    .....                   (boots unavailable)
Stlth   +++.......              (no amulet)
HPRegen 0.09/turn               h - +6 ring of intelligence
MPRegen 0.12/turn               f - +4 ring of protection

@: quick
A: very small, claws 1, fangs 3, see invisible, speed 1, shaggy fur 2, stealthy
paws, no weapons or thrown items, no armour, multi-lived
a: no special abilities


You were on level 6 of the Dungeon.
You visited 1 branch of the dungeon, and saw 6 of its levels.

You collected 251 gold pieces.

Inventory:

Jewellery
 d - a +4 ring of slaying
 f - a +4 ring of protection (right paw)
 h - a +6 ring of intelligence (left paw)
 i - the ring of a Million Stars {Fire rPois Dex+4 Stlth+}
   (You acquired it on level 4 of the Dungeon)

   [ring of fire]

   It enhances your fire magic.
   Dex:       It affects your dexterity (+4).
   rF:        It protects you from fire.
   rC:        It makes you vulnerable to cold.
   rPois:     It protects you from poison.
   Stlth:     It makes you more stealthy.
 j - a ring of wizardry
Wands
 p - a wand of flame (20)
Potions
 a - 3 potions of heal wounds
 b - a potion of flight {unknown}
 c - 4 potions of mutation
 e - 3 potions of curing
 k - 2 potions of brilliance {unknown}
 m - a potion of might {unknown}
 n - a potion of resistance {unknown}
 o - a potion of magic {unknown}


   Skills:
 - Level 4.0 Fighting
 - Level 4.0 Dodging
 - Level 4.0 Stealth
 - Level 4.0 Unarmed Combat
 - Level 3.0 Spellcasting
 + Level 6.1 Ice Magic


You had 4 spell levels left.
You knew the following spells:

 Your Spells              Type           Power      Damage    Failure   Level
a - Freeze                Ice            100%       1d11      1%          1
b - Frozen Ramparts       Ice            68%        1d8       2%          3
c - Ozocubu's Armour      Ice            34%        N/A       2%          3

Your spell library contained the following spells:

 Spells                   Type           Power      Damage    Failure   Level
 Hailstorm                Conj/Ice       19%        3d6       28%         4


Dungeon Overview and Level Annotations

Branches:
Dungeon (6/15)
 Temple: D:4-7

Altars:
Cheibriados
Hepliaklqana
Okawaru

Annotations:
D:3 1 transporter, incide's ghost, amateur GnWn


Innate Abilities, Weirdness & Mutations

You have sharp claws.
You have razor-sharp teeth.
You have supernaturally acute eyesight. (SInv)
You cover ground quickly. (Speed+)
You are covered in thick fur. (AC +2)
Your paws help you pounce on unaware monsters.
You are incapable of wielding weapons or throwing items.
You cannot wear armour.
You gain extra lives every three experience levels.


Message History

A jelly comes into view.
Found a stone staircase leading up.
Casting: Freeze (safe; 1% risk of failure)
Confirm with . or Enter, or press ? or * to list all spells.
Casting: Frozen Ramparts (dangerous; 2% risk of failure)
Press: ? - help, Dir - look around, f - activate The walls around you are covered in ice.
Unknown command.
Casting: Frozen Ramparts (dangerous; 2% risk of failure)
Confirm with . or Enter, or press ? or * to list all spells.
A film of ice covers your body!
The wall freezes the ogre.
Unknown command.
Unknown command.
Casting: Ozocubu's Armour (dangerous; 2% risk of failure)
Confirm with . or Enter, or press ? or * to list all spells.
Aiming: Freeze (safe; 1% risk of failure)
Press: ? - help, Shift-Dir - straight line, f - ogre
Aim: an ogre, wielding a +0 giant club (lightly wounded)
You freeze the ogre!
The ogre is heavily wounded.
The wall freezes the ogre.
The ogre hits you with a +0 giant club!
Unknown command.
Casting: Freeze (safe; 1% risk of failure)
Confirm with . or Enter, or press ? or * to list all spells.
Aiming: Freeze (safe; 1% risk of failure)
Press: ? - help, Shift-Dir - straight line, f/p - ogre
Aim: an ogre, wielding a +0 giant club (heavily wounded)
You freeze the ogre!
The ogre is severely wounded.
The jelly quivers.
The wall freezes the ogre!
The ogre hits you with a +0 giant club!!
Ouch! That really hurt!
You die...
You are now level 6!
You rejoin the land of the living...
Found a scroll labelled SUCYVEOB UWKETIRU.
Unknown command.
Unknown command.
Are you sure you want to abandon this character and quit the game? (Confirm with "yes".)

#.#
#.#
#.#
..?
#.#
#.#
#.#
#@#
#.#
#.#
#.#
#.#
#.#
#.#
#.#


There were no monsters in sight!

Vanquished Creatures
  2 black bears
  A necrophage (D:5)
  A centaur (D:5)
  2 scorpions (D:4)
  A water moccasin zombie (D:5)
  A bullfrog zombie (D:5)
  2 orc priests (D:5)
  2 hounds (D:4)
  3 orc wizards (D:3)
  A hound skeleton (D:4)
  4 adders
  2 ufetubi
  3 worms
  2 dart slugs (D:1)
  12 orcs
  9 endoplasms
  A giant cockroach (D:1)
  9 goblins
  7 hobgoblins
  11 jackals
  7 quokkas
  4 ball pythons
  5 bats
  4 frilled lizards (D:1)
  7 kobolds
  4 rats
107 creatures vanquished.

Vanquished Creatures (others)
  3 plants (D:3)
3 creatures vanquished.

Grand Total: 110 creatures vanquished

Notes
Turn   | Place    | Note
-------+----------+-------------------------------------------
     0 | D:1      | tilp the Felid Ice Elementalist began the quest for the
                  | Orb.
     0 | D:1      | Reached XP level 1. HP: 7/7 MP: 4/4
   568 | D:1      | Reached XP level 2. HP: 11/11 MP: 6/6
   814 | D:1      | Reached skill level 4 in Ice Magic
   988 | D:1      | Found a faded altar of an unknown god.
  1112 | D:1      | Reached XP level 3. HP: 13/14 MP: 6/8
  1122 | D:1      | Learned a level 3 spell: Frozen Ramparts
  1126 | D:1      | Learned a level 3 spell: Ozocubu's Armour
  2501 | D:3      | Found a snail-covered altar of Cheibriados.
  2517 | D:3      | Reached XP level 4. HP: 18/18 MP: 0/9
  3059 | D:3      | Found a transporter.
  3061 | D:3      | Noticed incide's ghost (amateur GnWn)
  3211 | D:3      | Noticed a black bear
  3220 | D:3      | Killed a black bear
  3221 | D:3      | Reached skill level 5 in Ice Magic
  3221 | D:3      | Reached XP level 5. HP: 21/21 MP: 1/10
  3318 | D:3      | Reached skill level 6 in Ice Magic
  3382 | D:3      | Found an iron altar of Okawaru.
  3395 | D:3      | Gained mutation: You are covered in thick fur. (AC +2)
                  | [Felid growth]
  3395 | D:3      | Reached XP level 6. HP: 25/25 MP: 5/11
  3534 | D:3      | Reached skill level 1 in Fighting
  3586 | D:3      | Identified the +1 long sword "Lelaem Kusou" {vorpal, Str+3
                  | Int+3}
  3644 | D:4      | Reached skill level 1 in Unarmed Combat
  3872 | D:4      | Found a hazy altar of Hepliaklqana.
  4526 | D:4      | Identified a scroll of acquirement
  4526 | D:4      | Acquired the ring of a Million Stars {Fire rPois Dex+4
                  | Stlth+}
  4586 | D:5      | Entered Level 5 of the Dungeon
  4598 | D:5      | Reached XP level 7. HP: 30/30 MP: 5/12
  5892 | D:6      | Slain by an ogre
  5893 | D:6      | Reached XP level 6. HP: -5/28 MP: 4/11
  5893 | D:6      | Quit the game

Illustrated notes

Levels and vault maps discovered:
D:1:      kilobyte_arrival_exit_the_forest, layout_rooms,
          dreamdust_ecumenical_altar_hidden_monk_grotto,
          minmay_indecisive_spiral
D:2:      layout_basic
D:3:      layout_basic, mainiacjoe_overflow_chevrons, slow_altar_1,
          gammafunk_ghost_mausoleum
D:4:      layout_loops_ring, nicolae_hepliaklqana_hippocampus
D:5:      layout_basic
D:6:      layout_basic

Skill      XL: |  1  2  3  4  5  6  7 |
---------------+----------------------+-----
Ice Magic      | 4 5 6 |  6.1
Spellcasting   | 3 |  3.0
Dodging        | 3 4 |  4.0
Fighting       | 2 4 |  4.0
Unarmed Combat | 2 4 |  4.0
Stealth        | 3 4 |  4.0

Action                   |  1- 3 |  4- 6 |  7- 9 || total
-------------------------+-------+-------+-------++-------
Melee: Unarmed           |    22 |    25 |    56 ||   103
       Bite              |       |     2 |    11 ||    13
       Punch             |       |       |     1 ||     1
 Cast: Freeze            |    60 |    27 |     3 ||    90
       Frozen Ramparts   |     3 |    15 |     6 ||    24
       Ozocubu's Armour  |     1 |     7 |     8 ||    16
  Use: Scroll            |     3 |     5 |     1 ||     9
 Stab: Sleeping          |     9 |     5 |     2 ||    16
Armor: Skin              |     4 |     8 |    21 ||    33
Dodge: Dodged            |    60 |    29 |    59 ||   148

Table legend: (Time is in decaauts)
 A = Elapsed time spent in this place.
 B = Non-inter-level travel time spent in this place.
 C = Inter-level travel time spent in this place.
 D = Time resting spent in this place.
 E = Time spent auto-exploring this place.
 F = Levels seen in this place.
 G = Mean time per level.
                   A        B        C        D        E       F      G
               +--------+--------+--------+--------+--------+-----+--------+
         Total |   5305 |   5207 |     98 |    813 |   3776 |   6 |  884.2 |
       Dungeon |   5305 |   5207 |     98 |    813 |   3776 |   6 |  884.2 |
               +--------+--------+--------+--------+--------+-----+--------+

Top non-repeatable levels by time:
     D:1: 1370 daAuts
     D:5: 1142 daAuts
     D:3: 1027 daAuts
     D:2: 884 daAuts
     D:4: 858 daAuts
     D:6: 22 daAuts
